 Dungeon Crawl Stone Soup version 0.24-a0-446-g87df7205b4 (webtiles) character file.

Game seed: 8340432903313455110

2256 emperorscorpion the Cleaver (level 9, -10/82 HPs)
             Began as a Deep Dwarf Berserker on June 23, 2019.
             Was an Elder of Trog.
             Mangled by a red devil
             ... wielding a +0 trident
             ... summoned by a kobold demonologist
              (17 damage)
             ... on level 14 of the Dungeon.
             The game lasted 00:19:25 (1855 turns).

emperorscorpion the Cleaver (Deep Dwarf Berserker)  Turns: 1855, Time: 00:19:25

Health: -10/82     AC: 13    Str: 24      XL:     9   Next: 15%
Magic:  5/5        EV: 10    Int:  8      God:    Trog [****..]
Gold:   298        SH:  0    Dex:  9 (12) Spells: 8/8 levels left

rFire    . . .     SeeInvis .   a - +0 hand axe
rCold    + . .     Gourm    .   (no shield)
rNeg     . . .     Faith    .   r - +0 chain mail
rPois    .         Spirit   .   o - +0 helmet
rElec    .         Reflect  .   (no cloak)
rCorr    .         Harm     .   m - +1 pair of gloves
MR       +....     Rnd*Tele +   (no boots)
Stlth    ..........             (no amulet)
HPRegen  0.00/turn              k - ring of teleportation (curse)
MPRegen  0.09/turn              n - ring of protection from cold

@: berserk cooldown, non-regenerating, slowed, lightly drained, very slow
A: damage resistance, heal wounds, sense surroundings 2, no regeneration
a: Heal Wounds, Berserk, Trog's Hand, Brothers in Arms, Renounce Religion


You were on level 14 of the Dungeon.
You worshipped Trog.
Trog was greatly pleased with you.
You were very hungry.

You visited 1 branch of the dungeon, and saw 13 of its levels.
You also visited: Ossuary.

You collected 298 gold pieces.

Inventory:

Hand Weapons
 a - a +0 hand axe (weapon)
 p - a +0 whip of electrocution
Armour
 b - a +0 animal skin
 d - a +2 ring mail
 m - a +1 pair of gloves (worn)
 o - a +0 helmet (worn)
 r - a +0 chain mail (worn)
Jewellery
 g - an uncursed amulet of harm
 k - a cursed ring of teleportation (left hand)
 n - a ring of protection from cold (right hand)
 s - an uncursed ring of magical power
Wands
 t - a wand of disintegration (15)
Scrolls
 e - 3 scrolls of teleportation
 f - a scroll of identify
 j - 2 scrolls of enchant armour
 u - a scroll of fog
 v - a scroll of remove curse
Potions
 h - a potion of heal wounds
 i - a potion of curing
Comestibles
 c - 2 rations


   Skills:
 + Level 5.6(5.3) Fighting
 + Level 9.1(8.7) Axes
 + Level 1.3(1.0) Throwing
 + Level 6.2(5.9) Armour
 + Level 5.9(5.6) Dodging
 + Level 1.5(1.2) Stealth


You had 8 spell levels left.
You didn't know any spells.
Your spell library was empty.

Dungeon Overview and Level Annotations

Branches:
Dungeon (14/15)
 Temple: D:4-7         Lair: D:8-11         Orc: D:9-12      Vaults: D:13-14

Altars:
Ashenzari
Sif Muna
Trog

Shops:
D:9 [

Annotations:
D:8 Erica


Innate Abilities, Weirdness & Mutations

You are resistant to damage.
You can heal yourself by infusing magical energy.
You passively map the area around you.
You do not regenerate.


Message History

The red devil misses you. The soul eater barely misses you.
The kobold demonologist hits you but does no damage.
The quasit bites you but does no damage.
The quasit claws you but does no damage. x2
You hit the kobold demonologist.
The kobold demonologist is severely wounded.
You hit the quasit.
You hit the soul eater but do no damage.
The red devil hits you from afar with a +0 trident.
* * * LOW HITPOINT WARNING * * *
The quasit bites you but does no damage.
The quasit claws you. The quasit barely misses you. The soul eater hits you.
* * * LOW HITPOINT WARNING * * *
You feel drained.
The kobold demonologist hits you but does no damage.
The quasit bites you but does no damage.
The quasit claws you but does no damage.
The quasit barely misses you.
The red devil hits you from afar with a +0 trident!!
You die...

, ...#*,*
, , ,
#..#+
+*,, ,
*,,
*#...###
* , , *
#.....* ,
, ,*
#.... , *
... * * *
#4#
#######5#
, *
#....K@3#
#########
, , * ,
,* * * *
* :$$...
, , ($...
*


You could see a soul eater, a kobold demonologist, a red devil and a quasit.

Vanquished Creatures
  Pikel (D:7)
  A wraith (D:14)
  A soldier ant (D:12)
  A sky beast (D:9)
  A black bear (D:6)
  A slave (D:7)
  2 centaurs
  An ogre (D:5)
  A big kobold (D:6)
  2 bullfrogs
  2 water moccasin zombies (Ossuary)
  A wyvern skeleton (D:13)
  A howler monkey (D:4)
  2 crimson imps
  2 hounds
  2 orc priests
  2 bullfrog skeletons
  5 orc wizards
  4 worker ants
  2 mummies (Ossuary)
  A worker ant zombie (D:5)
  3 gnolls (D:4)
  7 adders
  A shadow imp (D:5)
  An ooze (D:3)
  An adder skeleton (D:5)
  5 adder zombies (Ossuary)
  A worm (D:4)
  2 leopard geckos
  15 orcs
  3 giant cockroaches
  A goblin (D:2)
  2 hobgoblins
  A jackal (D:2)
  9 kobolds
  4 frilled lizards
  5 gnoll zombies (Ossuary)
  3 hobgoblin zombies (Ossuary)
  A jackal zombie (D:5)
  7 kobold zombies (Ossuary)
  5 orc zombies (Ossuary)
  A quokka zombie (D:8)
  A rat (D:1)
115 creatures vanquished.

Vanquished Creatures (others)
  3 withered plants (D:14)
3 creatures vanquished.

Grand Total: 118 creatures vanquished

Notes
Turn   | Place    | Note
-------+----------+-------------------------------------------
     0 | D:1      | emperorscorpion the Deep Dwarf Berserker began the quest
                  | for the Orb.
     0 | D:1      | Reached XP level 1. HP: 20/20 MP: 1/1
   153 | D:2      | Reached XP level 2. HP: 28/28 MP: 2/2
   279 | D:3      | Reached XP level 3. HP: 9/34 MP: 3/3
   411 | D:4      | Reached skill level 4 in Axes
   427 | D:4      | Reached XP level 4. HP: 19/42 MP: 4/4
   484 | D:4      | Reached ** piety under Trog
   484 | D:4      | Reached XP level 5. HP: 25/50 MP: 4/4
   567 | D:4      | Reached skill level 1 in Throwing
   596 | D:4      | Reached XP level 6. HP: 36/57 MP: 4/4
   598 | D:4      | Reached skill level 5 in Axes
   676 | D:4      | Found a sand-covered staircase.
   680 | Ossuary  | Entered an ossuary
   824 | Ossuary  | Reached *** piety under Trog
   840 | Ossuary  | Reached XP level 7. HP: 28/66 MP: 3/3
   946 | D:5      | Entered Level 5 of the Dungeon
   969 | D:5      | Reached skill level 6 in Axes
  1031 | D:5      | HP: 4/99 [orc/+0 trident (2)]
  1164 | D:6      | Reached skill level 5 in Armour
  1185 | D:6      | Reached skill level 7 in Axes
  1194 | D:6      | Reached XP level 8. HP: 35/73 MP: 4/4
  1319 | D:7      | Noticed Pikel
  1330 | D:7      | Found a shattered altar of Ashenzari.
  1344 | D:7      | Killed Pikel
  1344 | D:7      | Reached skill level 5 in Fighting
  1344 | D:7      | Reached skill level 8 in Axes
  1344 | D:7      | Reached skill level 5 in Dodging
  1344 | D:7      | Reached skill level 1 in Stealth
  1369 | D:8      | Found a deep blue altar of Sif Muna.
  1381 | D:8      | Noticed Erica
  1389 | D:9      | Found Tisoes's Antique Armour Emporium.
  1581 | D:9      | You fall into a shaft and drop 2 floors!
  1672 | D:12     | Reached **** piety under Trog
  1672 | D:12     | Gained mutation: You passively map the area around you.
                  | [Deep Dwarf growth]
  1672 | D:12     | Reached XP level 9. HP: 77/81 MP: 5/5
  1738 | D:14     | Noticed a moth of wrath
  1739 | D:14     | Noticed an ettin
  1739 | D:14     | Noticed a moth of wrath
  1745 | D:14     | Found a bloodstained altar of Trog.
  1746 | D:14     | Found the cursed necklace of Bloodlust {*Rage +Rage MR++
                  | Int-3 Slay+6 *Curse}
  1822 | D:14     | Reached skill level 9 in Axes
  1825 | D:14     | Noticed a centaur warrior
  1826 | D:14     | HP: 1/82 [centaur warrior/arrow (15)]
  1833 | D:14     | Noticed a kobold demonologist
  1834 | D:14     | Noticed a rust devil
  1840 | D:14     | Noticed a red devil
  1853 | D:14     | Noticed a soul eater
  1855 | D:14     | Mangled by a red devil

Levels and vault maps discovered:
D:1:      dpeg_arrival_round_c, layout_rooms, minmay_close_crescents
D:2:      cheibrodos_old_hovel, layout_loops_ring, overflow_temple_1_default,
          st_stairs_2, minmay_goblin_outpost
D:3:      layout_basic, kennysheep_slug_shrine, nicolae_qazlal_eye_of_the_storm,
          nemelex_xobeh_ov_fountains_minmay, first_ration, uniq_ijyb,
          uniq_crazy_yiuf_cottage
D:4:      layout_loops_ring, enter_ossuary_5, uniq_natasha
D:5:      layout_rooms, chequers_jeans, chequers_decorated_corner
D:6:      layout_cave_pods, grunt_gozag_statues, serial_shops,
          nicolae_shop_crystal, abandoned_shop, hangedman_decor_push
D:7:      layout_basic, lemuel_coloured_pillars_altar, kennysheep_little_box,
          minmay_temple_entry_nine_rooms, trog_wizard, uniq_pikel
D:8:      layout_loops_ring, lemuel_round_altar, basic_altar, serial_rivers,
          chequers_serial_rivers_micro_e, chequers_serial_rivers_micro_a,
          chequers_serial_rivers_micro_e, chequers_serial_rivers_micro_b,
          david_nohive_1, uniq_erica
D:9:      layout_stronghold, okawaru_altar_gauntlet_db, serial_shops,
          shop_coins, st_stairs_13
D:11:     layout_irregular_city
D:12:     minmay_the_grid_square_5x5_5x5_mashed
          [minmay_the_grid_square_5x5_plus, minmay_the_grid_square_5x5_three,
          minmay_the_grid_square_5x5_empty,
          minmay_the_grid_square_5x5_fancy_junction,
          minmay_the_grid_square_5x5_inner_z,
          minmay_the_grid_square_5x5_half_checkered,
          minmay_the_grid_square_5x5_prize_snowflake,
          minmay_the_grid_square_5x5_empty,
          minmay_the_grid_square_5x5_prize_monsterx,
          minmay_the_grid_square_5x5_three_small, minmay_the_grid_square_5x5_z,
          minmay_the_grid_square_5x5_doubleslash,
          minmay_the_grid_square_5x5_prize_itemx, minmay_the_grid_square_5x5_c,
          minmay_the_grid_square_5x5_fat_x, minmay_the_grid_square_5x5_shrine1,
          minmay_the_grid_square_5x5_prize_waves,
          minmay_the_grid_square_5x5_forky,
          minmay_the_grid_square_5x5_prize_open,
          minmay_the_grid_square_5x5_inset,
          minmay_the_grid_square_5x5_tetrominoes,
          minmay_the_grid_square_5x5_empty, minmay_the_grid_square_5x5_detours,
          minmay_the_grid_square_5x5_two_walls_b,
          minmay_the_grid_square_5x5_shuriken], layout_rooms
D:13:     layout_rooms, grunt_vaults_entry_tiered, basic_altar
D:14:     emtedronai_trogs_sanctum, layout_loops_ring,
          yredelemnul_altar_generic, minivault_22, tso_altar

Skill      XL: |  1  2  3  4  5  6  7  8  9 |
---------------+----------------------------+-----
Fighting       | 3 4 5 |  5.6
Axes           | 4 5 7 8 9 |  9.1
Dodging        | 3 4 5 |  5.9
Throwing       | 1 |  1.3
Armour         | 3 5 6 |  6.2
Stealth        | 1 |  1.5

Action                   |  1- 3 |  4- 6 |  7- 9 || total
-------------------------+-------+-------+-------++-------
Melee: Hand axe          |    54 |   142 |   313 ||   509
Throw: Dart              |    13 |     2 |     3 ||    18
Invok: Berserk           |     5 |     2 |     6 ||    13
 Abil: Heal Wounds       |     1 |     8 |    15 ||    24
  Use: Scroll            |     5 |     2 |     5 ||    12
       Potion            |     1 |     1 |     5 ||     7
  Eat: Chunk             |     2 |     4 |     2 ||     8
       Ration            |       |       |     2 ||     2
Armor: Animal skin       |     9 |       |       ||     9
       Ring mail         |       |    52 |   101 ||   153
       Chain mail        |       |       |    74 ||    74
Dodge: Dodged            |    77 |   139 |   265 ||   481

Table legend:
 A = Non-vault XP
 B = Vault XP
 C = Vault XP percentage of total XP
 D = Non-vault monster count
 E = Vault monster count
 F = Vault count percentage of total count
                 A         B        C        D         E       F
            +---------+---------+-------+---------+---------+-------
      Total |    2310 |     913 |  28.3 |      82 |      32 |  28.1
            +---------+---------+-------+---------+---------+-------
        D:1 |       8 |       0 |   0.0 |       5 |       0 |   0.0
        D:2 |       2 |      15 |  88.2 |       1 |       2 |  66.7
        D:3 |      39 |       0 |   0.0 |      11 |       0 |   0.0
        D:4 |     434 |       0 |   0.0 |      22 |       0 |   0.0
        D:5 |     529 |       0 |   0.0 |      19 |       0 |   0.0
        D:6 |     346 |       0 |   0.0 |       9 |       0 |   0.0
        D:7 |      93 |     651 |  87.5 |       1 |       1 |  50.0
        D:8 |       1 |       0 |   0.0 |       1 |       0 |   0.0
        D:9 |     258 |       0 |   0.0 |       8 |       0 |   0.0
       D:12 |     324 |       0 |   0.0 |       3 |       0 |   0.0
       D:13 |      71 |       0 |   0.0 |       1 |       0 |   0.0
       D:14 |     205 |       0 |   0.0 |       1 |       0 |   0.0
    Ossuary |       0 |     247 | 100.0 |       0 |      29 | 100.0
            +---------+---------+-------+---------+---------+-------
